 Seeded DCSS version 0.28-a0-1356-g2ad6d04315 (webtiles) character file.

Game seed: 3977678538937653055 (custom seed)

20955 croobank the Fighter (level 12, -12/88 HPs)
             Began as an Octopode Transmuter on Dec 31, 2021.
             Was an Elder of Hepliaklqana.
             Shot with an arrow by Nessos (19 damage)
             ... on level 14 of the Dungeon.
             The game lasted 01:27:07 (11905 turns).

croobank the Fighter (Octopode Transmuter)         Turns: 11905, Time: 01:27:10

Health: -12/88     AC:  6    Str: 22    XL:     12   Next: 84%
Magic:  33/33      EV: 14    Int: 20    God:    Hepliaklqana [****..]
Gold:   1590       SH:  0    Dex: 14    Spells: 12/27 levels left

rFire   + . .      SeeInvis +   a - +6 flail (protect)
rCold   + + +      Faith    .   L - orb {*channel}
rNeg    + . .      Spirit   .   F - +1 hat "Riyleevu" {Fly MP+9}
rPois   +          Reflect  .   q - amulet of regeneration
rElec   .          Harm     .   c - ring of Symmetry {rPois rF+ rC++ Str+6 Dex+2}
rCorr   +          Rampage  .   r - +6 ring of strength
Will    .....                   A - ring of flight
Stlth   ++........              I - ring of resist corrosion
HPRegen 1.84/turn               v - ring of protection from cold
MPRegen 0.23/turn               O - +4 ring of protection
                                j - ring of see invisible
                                G - ring of positive energy

@: flying
A: reduced essence, almost no armour, amphibious, 8 rings, camouflage 1,
gelatinous body 1, (nimble swimmer 1), tentacles, tentacle spike 1, regeneration
1, robust 1
a: Renounce Religion, Recall Ancestor, Ancestor Identity, Transference, Idealise


You were on level 14 of the Dungeon.
You worshipped Hepliaklqana.
Hepliaklqana was greatly pleased with you.
You visited 1 branch of the dungeon, and saw 14 of its levels.

You collected 1687 gold pieces.
You spent 97 gold pieces at shops.

Inventory:

Hand Weapons
 a - a +6 flail of protection (weapon)
 b - a +0 hunting sling of freezing
 m - a +0 shortbow
 T - the +9 whip "Ukhlism" {drain, rF+ Str-4 Dex+4}
   (You took it off an orc on level 9 of the Dungeon)

   A truly terrible weapon, it drains the life of any living foe it strikes.
   Str:       It affects your strength (-4).
   Dex:       It affects your dexterity (+4).
   rF:        It protects you from fire.
 U - a +0 morningstar of electrocution
Missiles
 k - 6 curare-tipped darts (quivered)
 n - 53 sling bullets
 w - 14 boomerangs
Armour
 F - the +1 hat "Riyleevu" (worn) {Fly MP+9}
   (You acquired it on level 12 of the Dungeon)

   MP:        It affects your magic capacity (+9).
   Fly:       It grants you flight.
 L - an orb of energy (worn)
Magical Staves
 X - a staff of conjuration
Jewellery
 c - the ring of Symmetry (left tentacle) {rPois rF+ rC++ Str+6 Dex+2}
   (You acquired it on level 1 of the Dungeon)

   [ring of strength]

   Str:       It affects your strength (+6).
   Dex:       It affects your dexterity (+2).
   rF:        It protects you from fire.
   rC:        It greatly protects you from cold.
   rPois:     It protects you from poison.
 j - a ring of see invisible (on tentacle)
 q - an amulet of regeneration (around mantle)
 r - a +6 ring of strength (right tentacle)
 v - a ring of protection from cold (on tentacle)
 A - a ring of flight (on tentacle)
 G - a ring of positive energy (on tentacle)
 I - a ring of resist corrosion (on tentacle)
 O - a +4 ring of protection (on tentacle)
Wands
 t - a wand of flame (31)
 V - a wand of iceblast (4)
Scrolls
 d - a scroll of torment {torment, unknown}
 f - 2 scrolls of holy word {holy word, unknown}
 h - 5 scrolls of vulnerability {vulnerability, unknown}
 i - 4 scrolls of noise {noise, unknown}
 l - 5 scrolls of fog {fog, unknown}
 o - a scroll of enchant armour {enchant armour, unknown}
 y - 4 scrolls of immolation {immolation, unknown}
 D - 10 scrolls of identify {identify, unknown}
 E - 2 scrolls of enchant weapon
 K - 2 scrolls of fear
 M - a scroll of amnesia {amnesia, unknown}
 S - a scroll of blinking
 W - 2 scrolls of teleportation {teleportation, unknown}
 Y - a scroll of magic mapping {magic mapping, unknown}
 Z - a scroll of silence
Potions
 e - a potion of invisibility {invisibility, unknown}
 g - 3 potions of degeneration {degeneration, unknown}
 p - 2 potions of haste {haste}
 s - 2 potions of magic {magic, unknown}
 u - 4 potions of mutation
 x - 4 potions of might {might, unknown}
 z - 6 potions of attraction {attraction, unknown}
 B - a potion of berserk rage {berzerk rage}
 C - a potion of lignification {lignification, unknown}
 H - a potion of flight {unknown}
 J - 6 potions of curing
 N - 2 potions of cancellation {cancellation, unknown}
 P - 2 potions of heal wounds {healing}
 Q - 2 potions of brilliance {brilliance, unknown}
 R - 3 potions of ambrosia {ambrosia, unknown}


   Skills:
 - Level 10.4 Fighting
 - Level 10.1 Maces & Flails
 - Level 2.9 Dodging
 - Level 3.7 Unarmed Combat
 - Level 8.1 Spellcasting
 - Level 8.1 Hexes
 + Level 4.2 Transmutations
 + Level 2.7 Ice Magic
 - Level 8.1 Air Magic


You had 12 spell levels left.
You knew the following spells:

 Your Spells              Type           Power      Damage    Failure   Level
a - Beastly Appendage     Tmut           50%        N/A       1%          1
b - Wereblood             Tmut           25%        N/A       2%          2
c - Ice Form              Ice/Tmut       22%        N/A       21%         4
d - Silence               Hex/Air        20%        N/A       9%          5
e - Dazzling Flash        Conj/Hex       48%        N/A       4%          3

Your spell library contained the following spells:

 Spells                   Type           Power      Damage    Failure   Level
 Spider Form              Tmut/Pois      16%        N/A       11%         3
 Agony                    Necr           8%         N/A       93%         5


Dungeon Overview and Level Annotations

Branches:
Dungeon (14/15)            Temple (0/1) D:5            Lair (0/6) D:10
    Orc (0/2) D:11
 Vaults: D:13-14

Altars:
Cheibriados
Hepliaklqana
Xom
The Shining One

Shops:
D:7 *   D:9 [(   D:13 *

Annotations:
D:6 1 runed translucent door
D:7 2 transporters
D:14 Nessos


Innate Abilities, Weirdness & Mutations

Your life essence is reduced to manifest your ancestor. (-10% HP)
You cannot wear most types of armour.
You are amphibious.
You can wear up to eight rings at the same time.
Your skin changes colour to match your surroundings (Stealth+).
Your rubbery body absorbs attacks. (AC +1, EV +1)
((You are camouflaged when in or above water. (Stealth+)))
You have tentacles for arms and can constrict up to eight enemies at once.
One of your tentacles bears a spike.
Your natural rate of healing is unusually fast.
You are robust. (+10% HP)


Message History

Glyda L Cleveland gestures at the boulder beetle while chanting.
The stone arrow hits the boulder beetle.
The boulder beetle dies!
Nessos wields a +2 longbow of flaming.
It bursts into flame!
Nessos shoots an arrow.
The arrow misses you.
Your Transmutations skill increases to level 4!
Nessos shoots an arrow.
The arrow barely misses you.
Nessos shoots an arrow.
The arrow hits you! The arrow burns you.
Press: ? - help, . - travel You can't see that place. [the floor.] Nessos shoots an arrow.
The arrow hits you! The arrow burns you.
Found a viscous black potion.
Press: ? - help, . - travel You can't see that place. [the floor.]
Found 14 gold pieces.
It was a potion of heal wounds {healing}.
You feel much better.
Nessos shoots an arrow.
The arrow closely misses Glyda L Cleveland.
The arrow hits you!! The arrow burns you.
Nessos shoots an arrow.
The arrow barely misses Glyda L Cleveland.
The arrow closely misses you.
Nessos shoots an arrow.
The arrow hits Glyda L Cleveland!!
The arrow burns Glyda L Cleveland.
Nessos gestures wildly while chanting.
Nessos blinks!
Nessos shoots an arrow.
The arrow hits you!! The arrow burns you.
Nessos shoots an arrow.
The arrow hits Glyda L Cleveland!!
The arrow burns Glyda L Cleveland.
Glyda L Cleveland is destroyed!
Nessos shoots an arrow.
The arrow hits you! The arrow burns you.
Nessos shoots an arrow.
The arrow closely misses you.
Nessos says, "Even if you were a mare, I'd kill you!"
Nessos shoots an arrow.
The arrow hits you!!
* * * LOW HITPOINT WARNING * * *
The arrow burns you.
* * * LOW HITPOINT WARNING * * *
Nessos shoots an arrow.
The arrow hits you!!
You die...

#####...........#
####..............#
####.................#
#.c..................#
.......####.#..........#
...<.## #..#......(.#..
....#######..##.....##...
.............###...## ..
........@.c...# ####
...$....#####..#
......... #..# .........
.... .^.......# ...##
.........# .## ........##
.......


You could see Nessos (fast).

Vanquished Creatures
  A hydra (D:13)
  Erolcha (D:9)
  3 centaur warriors
  3 two-headed ogres
  Pikel (D:9)
  A manticore (D:13)
  2 cyclopes
  The ghost of SensoryNuts the Slasher, a novice DsFi (D:6)
  A gargoyle (D:11)
  2 komodo dragons
  2 trolls
  9 slime creatures
  Eustachio (D:4)
  3 wraiths
  A wyvern (D:10)
  2 vampires
  3 yaks
  4 vampire mosquitoes
  A steam dragon (D:10)
  Menkaure (D:7)
  2 acid dragons
  A water moccasin (D:8)
  An ice beast (D:7)
  A sky beast (D:8)
  2 orc warriors
  A necrophage (D:7)
  A black bear (D:3)
  2 ogres (D:5)
  8 centaurs
  A phantom (D:6)
  A lemure (D:9)
  A kobold brigand (D:6)
  2 scorpions
  2 bullfrogs
  3 killer bees (D:10)
  4 wights (D:8)
  3 crimson imps (D:4)
  A bullfrog zombie (D:6)
  3 hounds
  Crazy Yiuf (D:7)
  A jelly (D:5)
  5 orc priests
  An iguana (D:4)
  9 orc wizards
  A killer bee zombie (D:5)
  A hound zombie (D:5)
  A howler monkey zombie (D:9)
  7 adders
  A river rat (D:6)
  A shadow imp (D:6)
  A white imp (D:5)
  A howler monkey simulacrum (D:9)
  An ufetubus (D:7)
  An adder zombie (D:4)
  4 worms
  2 dart slugs
  60 orcs
  6 ball pythons
  7 endoplasms
  5 giant cockroaches
  7 goblins
  5 hobgoblins
  6 jackals
  2 quokkas
  5 bats (D:1)
  12 frilled lizards
  13 kobolds
  A quokka skeleton (D:4)
  5 rats
256 creatures vanquished.

Vanquished Creatures (collateral kills)
  A boulder beetle (D:14)
  A hydra (D:13)
  A two-headed ogre (D:10)
  2 centaur zombies
  A komodo dragon (D:12)
  2 trolls (D:12)
  A blink frog (shapeshifter) (D:10)
  A slime creature (D:13)
  A wyvern (D:9)
  A wraith (D:11)
  5 yaks
  A vampire mosquito (D:12)
  An acid dragon (D:9)
  3 orc warriors
  3 ice beasts (D:7)
  A sky beast (D:8)
  A lemure (D:9)
  A bullfrog (D:9)
  A scorpion (D:6)
  A wight (D:8)
  2 killer bees (D:10)
  A crimson imp (D:4)
  2 hounds
  3 orc priests
  4 orc wizards
  A river rat (D:6)
  8 orcs
  A giant cockroach (D:5)
  2 kobolds (D:6)
54 creatures vanquished.

Vanquished Creatures (others)
  8 battlemagi
  5 plants
13 creatures vanquished.

Grand Total: 323 creatures vanquished

Notes
Turn   | Place    | Note
-------+----------+-------------------------------------------
     0 | D:1      | croobank the Octopode Transmuter began the quest for the
                  | Orb.
     0 | D:1      | Reached XP level 1. HP: 13/13 MP: 3/3
    98 | D:1      | Gained mutation: Your magical capacity is low. (-10% MP)
                  | [potion of mutation]
    98 | D:1      | Gained mutation: Your body sometimes deteriorates upon
                  | taking damage. [potion of mutation]
   125 | D:1      | Reached XP level 2. HP: 16/18 MP: 4/4
   232 | D:1      | Identified a scroll of acquirement
   232 | D:1      | Acquired the ring of Symmetry {rPois rF+ rC++ Str+6 Dex+2}
   527 | D:1      | Reached XP level 3. HP: 13/23 MP: 5/5
   666 | D:1      | Learned a level 2 spell: Wereblood
   955 | D:1      | Lost mutation: Your magical capacity is low. (-10% MP)
                  | [potion of mutation]
   955 | D:1      | Lost mutation: Your body sometimes deteriorates upon taking
                  | damage. [potion of mutation]
   955 | D:1      | Gained mutation: Your natural rate of healing is unusually
                  | fast. [potion of mutation]
   955 | D:1      | Gained mutation: You are somewhat resistant to further
                  | mutation. [potion of mutation]
   956 | D:1      | Lost mutation: You are somewhat resistant to further
                  | mutation. [potion of mutation]
   956 | D:1      | Gained mutation: You are robust. (+10% HP) [potion of
                  | mutation]
   956 | D:1      | Gained mutation: One of your tentacles bears a spike.
                  | [potion of mutation]
  1355 | D:2      | Reached XP level 4. HP: 31/31 MP: 7/7
  1376 | D:2      | Found a faded altar of an unknown god.
  2137 | D:3      | Reached XP level 5. HP: 35/37 MP: 7/9
  2333 | D:3      | Noticed a black bear
  2501 | D:3      | Killed a black bear
  2502 | D:3      | Reached skill level 1 in Maces & Flails
  2502 | D:3      | Reached XP level 6. HP: 40/46 MP: 7/10
  2532 | D:3      | Found a glowing golden altar of the Shining One.
  2560 | D:3      | Found a hazy altar of Hepliaklqana.
  2571 | D:3      | Became a worshipper of Hepliaklqana the Forgotten
  2824 | D:4      | Noticed Eustachio
  2838 | D:4      | Killed Eustachio
  2849 | D:5      | Entered Level 5 of the Dungeon
  2892 | D:5      | Learned a level 4 spell: Ice Form
  2905 | D:5      | Reached XP level 7. HP: 19/52 MP: 11/11
  3290 | D:5      | Reached * piety under Hepliaklqana
  3357 | D:5      | Reached skill level 5 in Fighting
  3610 | D:5      | Found a staircase to the Ecumenical Temple.
  3655 | D:5      | Reached XP level 8. HP: 23/56 MP: 9/12
  3762 | D:4      | Reached skill level 5 in Maces & Flails
  3905 | D:4      | Identified the +4 ring mail "Nirche" {Regen+}
  4068 | D:4      | Found a shimmering altar of Xom.
  4329 | D:6      | Found a runed translucent door.
  4340 | D:6      | Reached ** piety under Hepliaklqana
  4341 | D:6      | Remembered your ancestor Glyda L Cleveland as a battlemage
  4402 | D:6      | Reached skill level 1 in Air Magic
  4410 | D:6      | Reached skill level 1 in Hexes
  4617 | D:6      | Found a runed translucent door.
  4620 | D:6      | Noticed SensoryNuts's ghost (novice DsFi)
  4634 | D:6      | Killed SensoryNuts's ghost
  4635 | D:6      | Reached XP level 9. HP: 49/63 MP: 12/14
  5016 | D:7      | Found a transporter.
  5320 | D:7      | Found Yheem's General Store.
  5323 | D:7      | Noticed Menkaure
  5331 | D:7      | Killed Menkaure
  5339 | D:7      | Bought a scroll of silence for 97 gold pieces
  5367 | D:7      | Found a runed translucent door.
  5368 | D:7      | Noticed Crazy Yiuf
  5375 | D:7      | Killed Crazy Yiuf
  5731 | D:7      | Found a transporter.
  5850 | D:8      | Reached *** piety under Hepliaklqana
  6188 | D:8      | Reached XP level 10. HP: 70/72 MP: 15/17
  6292 | D:8      | Reached skill level 5 in Spellcasting
  7033 | D:9      | Noticed Pikel
  7047 | D:9      | Killed Pikel
  7056 | D:9      | Learned a level 5 spell: Silence
  7060 | D:9      | Learned a level 3 spell: Dazzling Flash
  7126 | D:9      | Identified the +9 whip "Ukhlism" {drain, rF+ Str-4 Dex+4}
  7164 | D:9      | Noticed a two-headed ogre
  7170 | D:9      | Killed a two-headed ogre
  7171 | D:9      | Reached skill level 5 in Hexes
  7171 | D:9      | Reached skill level 5 in Air Magic
  7318 | D:9      | Noticed Erolcha
  7320 | D:9      | Noticed a two-headed ogre
  7329 | D:9      | Killed Erolcha
  7331 | D:9      | Killed a two-headed ogre
  7332 | D:9      | Reached XP level 11. HP: 27/78 MP: 18/20
  7421 | D:9      | Acquired 748 gold pieces
  7426 | D:9      | Found Gatium's Antique Armour Shop.
  7532 | D:9      | Found Ulixommu's Antique Weapon Shop.
  7899 | D:10     | Entered Level 10 of the Dungeon
  8049 | D:10     | Reached **** piety under Hepliaklqana
  8220 | D:10     | Found a staircase to the Lair.
  8542 | D:10     | Noticed a two-headed ogre
  8551 | D:10     | Killed a two-headed ogre
  9090 | D:11     | Found a staircase to the Orcish Mines.
  9243 | D:11     | Found a snail-covered altar of Cheibriados.
  9349 | D:12     | Noticed a two-headed ogre
  9386 | D:12     | Acquired the +1 hat "Riyleevu" {Fly MP+9}
  9602 | D:12     | Noticed a cyclops
  9776 | D:12     | Reached XP level 12. HP: 41/87 MP: 22/22
  9942 | D:12     | Identified the +1 robe of Eternal Vigilance {Harm rElec
                  | Will+}
  9996 | D:12     | Killed a two-headed ogre
  9997 | D:12     | Reached skill level 10 in Fighting
 10301 | D:11     | Identified the +4 ring mail of Komas {Drain rF+ rC+ Dex+5}
 10534 | D:13     | Noticed a six-headed hydra
 10541 | D:13     | Killed a six-headed hydra
 10628 | D:13     | Noticed a centaur warrior
 10642 | D:13     | Killed a centaur warrior
 11046 | D:12     | Reached skill level 10 in Maces & Flails
 11115 | D:13     | Noticed a centaur warrior
 11130 | D:13     | Killed a centaur warrior
 11177 | D:13     | Found Neaxof's Elemental Accessories.
 11328 | D:13     | Noticed a seven-headed hydra
 11350 | D:13     | Killed a seven-headed hydra
 11351 | D:13     | Reached skill level 1 in Ice Magic
 11854 | D:14     | Noticed a centaur warrior
 11862 | D:14     | Killed a centaur warrior
 11871 | D:14     | Noticed a boulder beetle
 11893 | D:14     | Noticed Nessos
 11894 | D:14     | Killed a boulder beetle
 11905 | D:14     | Shot with an arrow by Nessos

Illustrated notes

Levels and vault maps discovered:
D:1:      roderic_crossed_star, layout_basic, minmay_small_reverse_x
D:2:      layout_basic, shapermc_ecumenical_altar_starsandcircs,
          serial_bayou_pond_b, minmay_misc_feat_secret_circle
D:3:      layout_rooms, mainiacjoe_overflow_two_lobes, minmay_lizard_king
D:4:      minmay_diamond_boxcup, layout_cave_pools, led_xom_imps, uniq_eustachio
D:5:      layout_gridville, lemuel_temple_firewalk_b
D:6:      layout_loops_ring, ebering_ghost_sewer_f, small_statue_alley_b
D:7:      gammafunk_steamed_eel, layout_loops_corners, serial_shops,
          nicolae_shop_crystal, uniq_menkaure, uniq_crazy_yiuf_cottage
D:8:      layout_layer_cave
D:9:      layout_loops_ring, serial_shops, nicolae_shop_hallway_stairs,
          nicolae_stop_n_shop_1, grunt_potential, uniq_erolcha, uniq_pikel
D:10:     layout_irregular_city, david_lair_shrubbed, minmay_microvault
D:11:     layout_basic, david_orc_2, cheibrodos_worm_habitat
D:12:     layout_cave_pools
D:13:     layout_basic, nicolae_elemental_shop
D:14:     layout_cave_pods, grunt_vaults_entry_tiered, skrybe_limestone_x,
          nzn_wu_jian_council_hall, uniq_kirke, uniq_azrael, uniq_nessos,
          uniq_louise

Skill      XL: |  1  2  3  4  5  6  7  8  9 10 11 12 |
---------------+-------------------------------------+-----
Fighting       | 2 3 4 5 6 7 8 9 10 | 10.4
Transmutations | 3 4 |  4.2
Maces & Flails | 1 3 4 6 7 8 9 10 | 10.1
Spellcasting   | 3 4 6 7 8 |  8.1
Air Magic      | 2 4 5 7 8 |  8.1
Hexes          | 2 4 5 7 8 |  8.1
Ice Magic      | 2 |  2.7
Dodging        | |  2.9
Unarmed Combat | |  3.7

Action                   |  1- 3 |  4- 6 |  7- 9 | 10-12 || total
-------------------------+-------+-------+-------+-------++-------
Melee: Unarmed           |    85 |    48 |       |       ||   133
       Constrict         |    22 |    22 |    47 |    28 ||   119
       Tentacles         |    15 |    19 |    28 |    84 ||   146
       Kick              |     9 |    22 |    71 |   133 ||   235
       Punch             |     1 |     3 |     5 |    13 ||    22
       Flail             |       |    28 |   171 |   302 ||   501
       Dagger            |       |     3 |       |       ||     3
 Fire: Hunting sling     |       |       |       |     8 ||     8
Throw: Dart              |       |       |       |     2 ||     2
 Cast: Beastly Appendage |     2 |       |       |       ||     2
       Wereblood         |       |     5 |    14 |    31 ||    50
Invok: Ancestor Life: Ba |       |       |     1 |       ||     1
       Ancestor Identity |       |       |     1 |       ||     1
Evoke: Wand              |       |       |       |     3 ||     3
  Use: Potion            |     3 |     1 |     2 |     2 ||     8
       Scroll            |     1 |     1 |     4 |     7 ||    13
 Stab: Sleeping          |    14 |     5 |     8 |     5 ||    32
       Distracted        |       |       |       |     6 ||     6
Armor: Skin              |     9 |    11 |    32 |    92 ||   144
Dodge: Dodged            |    47 |    38 |   124 |   227 ||   436

Table legend: (Time is in decaauts)
 A = Elapsed time spent in this place.
 B = Non-inter-level travel time spent in this place.
 C = Inter-level travel time spent in this place.
 D = Time resting spent in this place.
 E = Time spent auto-exploring this place.
 F = Levels seen in this place.
 G = Mean time per level.
                   A        B        C        D        E       F      G
               +--------+--------+--------+--------+--------+-----+--------+
         Total |  11952 |  11550 |    402 |    957 |   7318 |  14 |  853.7 |
       Dungeon |  11952 |  11550 |    402 |    957 |   7318 |  14 |  853.7 |
               +--------+--------+--------+--------+--------+-----+--------+

Top non-repeatable levels by time:
    D:12: 1207 daAuts
     D:8: 1184 daAuts
     D:1: 1134 daAuts
    D:13: 1107 daAuts
     D:5: 921 daAuts
     D:9: 877 daAuts
     D:7: 851 daAuts
    D:10: 849 daAuts
     D:2: 844 daAuts
     D:3: 820 daAuts
    D:11: 812 daAuts
     D:6: 695 daAuts
     D:4: 598 daAuts
    D:14: 48 daAuts
